 Dungeon Crawl Stone Soup version 0.27-a0-279-gdfb9265905 (webtiles) character file.

Game seed: 1474719800972759823

164024 puppykicker the Impaler (level 17, -2/129 HPs)
             Began as an Octopode Abyssal Knight on Feb 8, 2021.
             Was the Champion of Lugonu.
             Killed by the raging water
             ... invoked by a water nymph
              (24 damage)
             ... on level 4 of the Shoals.
             The game lasted 02:06:10 (36806 turns).

puppykicker the Impaler (Octopode Abyssal Knight)  Turns: 36806, Time: 02:06:10

Health: -2/129     AC:  5    Str: 23    XL:     17   Next: 84%
Magic:  27/27      EV: 36    Int: 15    God:    Lugonu [******]
Gold:   508        SH: 26    Dex: 24    Spells: 6/20 levels left

rFire    . . .     SeeInvis .   v - +1 trident (vamp)
rCold    . . .     Faith    .   O - +0 tower shield
rNeg     . . .     Spirit   .   (helmet restricted)
rPois    .         Reflect  +   F - amulet of reflection
rElec    .         Harm     .   d - ring of willpower
rCorr    .         Rampage  .   h - +4 ring of evasion
Will     +++..                  m - +6 ring of dexterity
Stlth    ++++......             u - ring of willpower
HPRegen  0.31/turn              w - +6 ring of strength
MPRegen  0.20/turn              Y - +6 ring of dexterity
                                o - +4 ring of protection
                                x - +4 ring of evasion

@: about to teleport, studying 3 skills
A: almost no armour, stealthy swim, amphibious, 8 rings, constrict 8, camouflage
1, gelatinous body 1
a: Renounce Religion, Depart the Abyss, Bend Space, Banish, Corrupt, Enter the
Abyss, Brand Weapon With Distortion


You were on level 4 of the Shoals.
You worshipped Lugonu.
Lugonu was exalted by your worship.
You visited 4 branches of the dungeon, and saw 27 of its levels.
You visited the Abyss 1 time.
You also visited: Bailey.

You collected 4806 gold pieces.
You spent 4298 gold pieces at shops.

Inventory:

Hand Weapons
 a - a +1 trident of draining
 b - a +0 hand crossbow
 q - a +0 hunting sling
 v - a +1 vampiric trident (weapon)
Missiles
 n - 6 throwing nets
 y - 9 curare-tipped darts
 J - 228 sling bullets
 Q - 500 bolts
 W - 36 javelins (quivered)
 X - 14 silver javelins
Armour
 g - the +4 buckler "Oxehiseb" {Int+6}
   (You found it on level 7 of the Dungeon)

   It affects your intelligence (+6).
 O - a +0 tower shield (worn)
Jewellery
 d - a ring of willpower (left tentacle)
 h - a +4 ring of evasion (right tentacle)
 m - a +6 ring of dexterity (on tentacle)
 o - a +4 ring of protection (on tentacle)
 s - an uncursed ring of flight
 u - a ring of willpower (on tentacle)
 w - a +6 ring of strength (on tentacle)
 x - a +4 ring of evasion (on tentacle)
 C - an uncursed ring of resist corrosion
 F - an amulet of reflection (around mantle)
 I - an uncursed ring of protection from cold
 U - an uncursed ring of magical power {MP+9}
 Y - a +6 ring of dexterity (on tentacle)
Wands
 r - a wand of iceblast (12)
 M - a wand of paralysis (12)
Scrolls
 e - 4 scrolls of fear
 f - 3 scrolls of fog
 i - 5 scrolls of identify
 t - 2 scrolls of teleportation
 A - 9 scrolls of enchant weapon
 B - a scroll of blinking {!r}
 K - a scroll of brand weapon
 N - 4 scrolls of amnesia
 P - 3 scrolls of enchant armour
 R - 17 scrolls of remove curse
 S - 2 scrolls of summoning
 V - 3 scrolls of magic mapping {!r}
Potions
 c - 6 potions of flight
 j - 3 potions of curing
 k - 2 potions of invisibility
 l - 8 potions of lignification {!q}
 p - 5 potions of magic
 z - 3 potions of brilliance
 D - 3 potions of haste
 E - a potion of ambrosia
 G - 3 potions of might
 H - 2 potions of berserk rage {!q}
 L - 3 potions of mutation {!q}
Miscellaneous
 T - a condenser vane


   Skills:
 - Level 16.0 Fighting
 - Level 16.0 Polearms
 + Level 15.3 Dodging
 + Level 14.1 Shields
 - Level 2.0 Spellcasting
 - Level 2.0 Hexes
 - Level 2.0 Necromancy
 - Level 2.0 Translocations
 - Level 14.0 Invocations
 + Level 2.4 Evocations


You had 6 spell levels left.
You knew the following spells:

 Your Spells              Type           Power        Failure   Level
d - Tukima's Dance        Hex            7%           75%         3
g - Apportation           Tloc           14%          36%         1
p - Blink                 Tloc           N/A          52%         2
v - Vampiric Draining     Necr           3%           75%         3
z - Animate Skeleton      Necr           14%          36%         1
Z - Animate Dead          Necr           3%           98%         4

Your spell library contained the following spells:

 Spells                   Type           Power        Failure   Level
 Corona                   Hex            7%           36%         1
 Pain                     Necr           28%          36%         1
 Slow                     Hex            7%           52%         2
 Freeze                   Ice            4%           65%         1
 Magic Dart               Conj           4%           65%         1
 Sting                    Tmut/Pois      4%           65%         1
 Summon Small Mammal      Summ           4%           65%         1
 Corpse Rot               Necr/Air       N/A          65%         2
 Ensorcelled Hibernation  Hex/Ice        8%           65%         2
 Confusing Touch          Hex            7%           75%         3
 Gell's Gravitas          Tloc           3%           75%         3
 Lesser Beckoning         Tloc           3%           75%         3
 Teleport Other           Tloc           7%           75%         3
 Call Imp                 Summ           1%           80%         2
 Poisonous Vapours        Pois/Air       2%           80%         2
 Dazzling Flash           Conj/Hex       8%           87%         3
 Conjure Flame            Conj/Fire      1%           95%         3
 Frozen Ramparts          Ice            2%           95%         3
 Mephitic Cloud           Conj/Pois/Air  1%           95%         3
 Ozocubu's Armour         Ice            1%           95%         3
 Passage of Golubria      Tloc           N/A          98%         4
 Hailstorm                Conj/Ice       1%           100%        4
 Summon Ice Beast         Ice/Summ       1%           100%        4
 Agony                    Necr           7%           100%        5
 Bolt of Magma            Conj/Fire/Erth 0%           100%        5
 Borgnjor's Vile Clutch   Necr/Erth      2%           100%        5
 Iskenderun's Battlesphe  Conj           1%           100%        5
 Silence                  Hex/Air        2%           100%        5
 Death Channel            Necr           3%           100%        6
 Iron Shot                Conj/Erth      0%           100%        6
 Simulacrum               Ice/Necr       2%           100%        6
 Orb of Destruction       Conj           0%           100%        7
 Spellforged Servitor     Conj/Summ      0%           100%        7
 Tornado                  Air            0%           100%        9


Dungeon Overview and Level Annotations

Branches:
Dungeon (15/15)            Temple (0/1) D:6            Lair (6/6) D:11
 Shoals (4/4) Lair:2       Spider (0/4) Lair:4        Slime (0/5) Lair:6
    Orc (2/2) D:9             Elf (0/3) Orc:2        Vaults (0/5) D:13
 Depths (0/5) D:15         Bailey (visited)

Altars:
Cheibriados
Dithmenos
Elyvilon
Fedhas
Gozag
Kikubaaqudgha
Nemelex Xobeh
Okawaru
Trog
Uskayaw
Wu Jian
Yredelemnul

Shops:
D:5 =   Orc:2 :([:

Portals:
Trove: D:14 (give 2 scrolls of acquirement)

Annotations:
D:15 2 transporters, HendSelp's ghost, journeyman MfGl
Shoals:4 Louise
Abyss:1 Psyche


Innate Abilities, Weirdness & Mutations

You cannot wear most types of armour.
You are very stealthy in the water. (Stealth+)
You are amphibious.
You can wear up to eight rings at the same time.
You can use your tentacles to constrict eight enemies at once.
Your skin changes colour to match your surroundings (Stealth+).
Your rubbery body absorbs attacks. (AC +1, EV +1)


Message History

You take 46 damage, and have 7/129 hp.
MASSIVE DAMAGE!!
Really read
B - 2 scrolls of blinking {!r}?
Blink to where?
Press: ? - help, Dir - move target
As you read the scroll of blinking {!r}, it crumbles to dust.
A manticore comes into view.
You feel better.
You regained 10 hp, and now have 18/129 hp.
As you read the scroll of fog, it crumbles to dust.
The scroll dissolves into smoke.
Okay, then.
You start resting.
You regained 3 hp, and now have 21/129 hp.
As you read the scroll of teleportation, it crumbles to dust.
You feel strangely unstable.
The water nymph shouts!
The water nymph gestures at you while chanting.
The water swirls and strikes you!!
You die...

#≈≈≈≈≈≈≈≈≈≈≈...
#≈≈≈≈≈≈≈≈≈≈≈≈..
#≈≈≈≈≈≈≈≈≈≈≈≈≈≈
#§≈≈§≈≈≈≈≈≈≈≈≈≈
#§§§m≈≈≈≈≈≈≈≈
#§§§≈≈≈≈≈≈≈≈
#§§§§≈≈≈≈≈≈
#§≈§§≈≈≈≈≈≈
#@§§≈§≈≈≈
#§§§≈≈≈..
#§≈≈≈≈≈..
#≈≈≈≈≈≈≈.
#≈≈≈≈≈≈≈.
#≈≈≈≈≈≈≈≈ #
≈≈≈≈≈≈≈ #
≈≈≈≈≈≈≈


You could see a water nymph.

Levels and vault maps discovered:
D:1:      lemuel_arrival_lava_pool, layout_loops_corners, nrook_uturn,
          kennysheep_crisscross, due_unseen_surprise
D:2:      layout_loops_cross, lemuel_coloured_pillars_altar, minmay_mini_jars
D:3:      layout_basic, nicolae_dithmenos_through_a_glass_darkly
D:4:      layout_basic
D:5:      layout_basic, nicolae_overflow_hidden_temple, serial_shops, shop,
          uniq_edmund
D:6:      layout_layer_cave, fedhas_altar_1, marbit_many_paths, kennysheep_mini,
          minmay_temple_entry_offerings, basic_altar,
          nemelex_diamond_rough_becter
D:7:      layout_basic, nemelex_xobeh_ov_fountains_minmay,
          minmay_misc_feat_rugged, chequers_big_river
D:8:      layout_rooms, lemuel_crystal_altar, enter_bailey_3, uniq_psyche,
          uniq_pikel, uniq_gastronok
D:9:      layout_cave_pods, nicolae_gozag_cash_rules_everything_around_me,
          kennysheep_mini_moat, general_overflow_altar, orc_0_dummy
D:10:     layout_cave_pools, minmay_bent
D:11:     layout_roguey, erik_lair_dragon, basic_altar,
          kennysheep_cross_bottleneck, uniq_maurice
D:12:     layout_basic
D:13:     layout_irregular_city, grunt_vaults_entry_tiered
D:14:     layout_cave_pools, nicolae_trove_entry_path_of_doom,
          chequers_serial_rivers_micro_d, nrook_pool_corridor,
          kennysheep_path_1, grunt_ministairs_4
D:15:     grunt_enter_depths_magical_seal, layout_gridville,
          amcnicky_mini_rare_corridor_liquid, gammafunk_ghost_smash
Lair:1:   layout_misc_corridors
Lair:2:   beast_lair_carwin_large_3, layout_cave_pods,
          minmay_shoals_entry_beasts, basic_altar, lemuel_fruit_fields
Lair:3:   lemuel_ratsnest, layout_cave_pods, basic_altar, st_stairs_6
Lair:4:   layout_misc_corridors, spider_nest_entry_a
Lair:5:   layout_regular_city, grunt_megastairs_4
Lair:6:   minmay_lair_end_enchanted_forest, layout_regular_city, slime_dummy,
          serial_rivers, chequers_serial_rivers_large_b,
          chequers_serial_rivers_micro_d, chequers_serial_rivers_room_a,
          chequers_serial_rivers_room_a, chequers_serial_rivers_micro_c,
          chequers_serial_rivers_micro_c
Shoals:1: layout_shoals, nicolae_shoals_siren_and_animal_friends
Shoals:2: layout_shoals, uniq_polyphemus
Shoals:3: layout_shoals, uniq_ilsuiw
Shoals:4: shoals_end_grunt_garden, layout_shoals, uniq_louise
Orc:1:    layout_caves, uniq_sonja
Orc:2:    st_orc_rangers, layout_caves, uniq_nessos, uniq_urug, uniq_josephine,
          uniq_saint_roka

Notes
Turn   | Place    | Note
-------+----------+-------------------------------------------
     0 | Abyss:1  | puppykicker the Octopode Abyssal Knight began the quest for
                  | the Orb.
     0 | Abyss:1  | Reached XP level 1. HP: 16/16 MP: 2/2
   114 | Abyss:1  | Noticed a worldbinder
   123 | Abyss:1  | Noticed a quasit
   131 | Abyss:1  | Noticed a glowing orange brain
   134 | Abyss:1  | Noticed a shadow
   134 | Abyss:1  | Noticed a ynoxinul
   134 | Abyss:1  | Noticed a small abomination
   134 | Abyss:1  | Noticed a five-headed hydra zombie
   137 | Abyss:1  | Noticed a sixfirhy
   139 | Abyss:1  | Noticed a polar bear
   139 | Abyss:1  | a shapeshifter changed into a polar bear
   139 | Abyss:1  | Noticed a starcursed mass
   139 | Abyss:1  | Noticed a thrashing horror
   141 | D:1      | Escaped the Abyss
   525 | D:1      | Identified a +0 short sword
   532 | D:1      | Reached XP level 2. HP: 16/21 MP: 3/3
   634 | D:1      | Identified a ring of willpower (You found it on level 1 of
                  | the Dungeon)
   743 | D:1      | Identified a ring of evasion (You found it on level 1 of
                  | the Dungeon)
  1090 | D:1      | Reached * piety under Lugonu
  1199 | D:1      | Identified a ring of dexterity (You found it on level 1 of
                  | the Dungeon)
  1363 | D:1      | Identified 2 scrolls of identify
  1363 | D:1      | Identified a potion of curing
  1364 | D:1      | Identified a potion of invisibility
  1370 | D:2      | Identified a +0 club
  1403 | D:2      | Reached XP level 3. HP: 26/26 MP: 4/4
  1548 | D:2      | Identified a cursed +0 club
  1649 | D:2      | Reached skill level 3 in Polearms
  1649 | D:2      | Reached XP level 4. HP: 31/31 MP: 4/6
  1759 | D:2      | Identified a +0 club
  1794 | D:2      | Identified a +0 club
  1797 | D:2      | Identified a +0 club
  1797 | D:2      | Identified a +0 club
  1801 | D:2      | Reached skill level 3 in Dodging
  1811 | D:2      | Reached XP level 5. HP: 32/37 MP: 7/7
  1837 | D:2      | You fall into a shaft and drop 2 floors!
  1849 | D:4      | Reached skill level 3 in Invocations
  1946 | D:4      | Identified a +0 trident
  1946 | D:4      | Identified a +0 leather armour
  1959 | D:4      | Reached skill level 4 in Fighting
  1959 | D:4      | Reached skill level 4 in Polearms
  1959 | D:4      | Reached XP level 6. HP: 27/43 MP: 8/8
  2116 | D:4      | Identified 2 potions of magic
  2117 | D:4      | Identified a potion of heal wounds
  2118 | D:4      | Identified a potion of flight
  2314 | D:4      | Identified a cursed +0 club
  2314 | D:4      | Identified a +0 halberd
  2315 | D:4      | Identified a +0 spear
  2707 | D:3      | Identified a +0 club
  2752 | D:3      | Identified 3 scrolls of teleportation
  2768 | D:3      | Identified a +0 club
  2773 | D:3      | Identified 2 scrolls of remove curse
  2790 | D:3      | Found a shadowy altar of Dithmenos.
  2852 | D:3      | Identified a ring of protection from cold (You found it on
                  | level 3 of the Dungeon)
  2886 | D:3      | Reached ** piety under Lugonu
  2900 | D:3      | Identified a ring of strength (You found it on level 3 of
                  | the Dungeon)
  2928 | D:3      | Identified a cursed +0 falchion
  2965 | D:3      | Identified a ring of fire (You found it on level 3 of the
                  | Dungeon)
  2996 | D:3      | Identified a +0 whip
  2996 | D:3      | Identified a +0 ring mail
  3016 | D:3      | Identified a +0 dagger
  3068 | D:3      | Identified 2 scrolls of noise
  3080 | D:3      | Identified a cursed -2 club
  3088 | D:3      | Identified a +0 hunting sling
  3707 | D:3      | Identified a potion of berserk rage
  3797 | D:2      | Identified a potion of experience
  3812 | D:2      | Reached skill level 7 in Fighting
  3812 | D:2      | Reached skill level 9 in Polearms
  3812 | D:2      | Reached skill level 6 in Dodging
  3812 | D:2      | Reached skill level 7 in Invocations
  3812 | D:2      | Reached XP level 7. HP: 47/54 MP: 8/12
  3983 | D:2      | Found an iron altar of Okawaru.
  4509 | D:4      | Identified 2 scrolls of enchant weapon
  4536 | D:5      | Entered Level 5 of the Dungeon
  4632 | D:5      | Identified a +2 buckler (You found it on level 5 of the
                  | Dungeon)
  4808 | D:5      | Found an ancient bone altar of Kikubaaqudgha.
  4860 | D:5      | Identified a +2 vorpal flail
  4860 | D:5      | Identified a +0 ring mail
  4860 | D:5      | Noticed Edmund
  5026 | D:5      | Reached XP level 8. HP: 60/60 MP: 13/13
  5095 | D:5      | Found Lopiumm's Jewellery Emporium.
  5111 | D:5      | Identified a potion of might
  5324 | D:6      | Identified 2 potions of lignification
  5424 | D:6      | Found a blossoming altar of Fedhas.
  5648 | D:6      | Found a hide-covered altar of Uskayaw.
  5759 | D:6      | Found a staircase to the Ecumenical Temple.
  5993 | D:6      | Identified a +0 ring mail
  5999 | D:6      | Identified a scroll of fog
  6192 | D:6      | Found a sparkling altar of Nemelex Xobeh.
  6204 | D:6      | Found a sparkling altar of Nemelex Xobeh.
  6221 | D:6      | Identified a +0 shortbow
  6227 | D:6      | Reached skill level 1 in Shields
  6276 | D:6      | Found a snail-covered altar of Cheibriados.
  6335 | D:6      | Identified a scroll of random uselessness
  6467 | D:7      | Identified a cursed +2 dagger
  6467 | D:7      | Identified a +0 robe
  6467 | D:7      | Identified a cursed +0 giant club
  6472 | D:7      | Identified a cursed +0 dagger
  6472 | D:7      | Identified a +0 robe
  6472 | D:7      | Identified a +0 morningstar
  6472 | D:7      | Identified a +0 robe
  6472 | D:7      | Identified a +0 short sword
  6472 | D:7      | Identified a +0 robe
  6472 | D:7      | Identified a +2 mace of freezing
  6472 | D:7      | Identified a +0 robe
  6620 | D:7      | Found a sparkling altar of Nemelex Xobeh.
  6780 | D:7      | Reached skill level 2 in Shields
  6781 | D:7      | Identified a +0 giant club
  6786 | D:7      | Identified a +0 whip
  6786 | D:7      | Identified a +4 ring mail
  6786 | D:7      | Identified a cursed -1 dagger
  6786 | D:7      | Identified a +0 robe
  6786 | D:7      | Identified a +2 hand axe of flaming
  6786 | D:7      | Identified a +3 whip
  6786 | D:7      | Identified a +0 leather armour
  6786 | D:7      | Identified a +0 club
  6786 | D:7      | Identified a +0 scale mail
  6789 | D:7      | Identified a +0 club
  6790 | D:7      | Reached XP level 9. HP: 45/64 MP: 14/14
  6915 | D:7      | Reached skill level 7 in Dodging
  6916 | D:7      | Reached *** piety under Lugonu
  7189 | D:7      | HP: 16/64 [electric eel/bolt of electricity (10)]
  7616 | D:7      | Identified a +0 long sword
  7779 | D:5      | Bought a +4 ring of protection for 504 gold pieces
  7924 | D:7      | Got a distressingly furry buckler
  7935 | D:7      | Identified the +4 buckler "Oxehiseb" {Int+6} (You found it
                  | on level 7 of the Dungeon)
  8018 | D:7      | Identified a scroll of immolation
  8263 | D:8      | Found a flagged portal.
  8263 | D:8      | Identified a +0 spear
  8263 | D:8      | Identified a +0 spear
  8263 | D:8      | Identified a +0 spear
  8265 | D:8      | Identified a +0 spear
  8277 | Bailey   | Entered a bailey
  8277 | Bailey   | Identified a +0 halberd
  8277 | Bailey   | Identified a +0 ring mail
  8277 | Bailey   | Identified a +0 trident
  8277 | Bailey   | Identified a +0 ring mail
  8277 | Bailey   | Identified a +0 spear
  8277 | Bailey   | Identified a +0 ring mail
  8277 | Bailey   | Identified a +0 halberd
  8277 | Bailey   | Identified a +0 chain mail
  8277 | Bailey   | Identified a +0 spear
  8277 | Bailey   | Identified a +0 scale mail
  8278 | Bailey   | Identified a +0 trident
  8278 | Bailey   | Identified a +0 chain mail
  8278 | Bailey   | Identified a +0 trident
  8278 | Bailey   | Identified a +0 chain mail
  8278 | Bailey   | Identified a +0 trident
  8278 | Bailey   | Identified a +0 scale mail
  8278 | Bailey   | Identified a +0 spear
  8278 | Bailey   | Identified a +0 ring mail
  8280 | Bailey   | Identified a +0 hand crossbow (You found it on level 3 of
                  | the Dungeon)
  8285 | Bailey   | Identified a +0 trident
  8285 | Bailey   | Identified a +0 ring mail
  8286 | Bailey   | Identified a +0 halberd
  8286 | Bailey   | Identified a +0 ring mail
  8287 | Bailey   | Identified a +0 spear
  8287 | Bailey   | Identified a +0 chain mail
  8363 | Bailey   | Identified a +0 halberd
  8363 | Bailey   | Identified a +0 scale mail
  8367 | Bailey   | Identified a +0 spear
  8367 | Bailey   | Identified a +0 ring mail
  8470 | Bailey   | Identified a +0 spear
  8470 | Bailey   | Identified a +0 scale mail
  8471 | Bailey   | Identified a +0 halberd
  8471 | Bailey   | Identified a +0 ring mail
  8494 | Bailey   | Reached skill level 3 in Shields
  8512 | Bailey   | Identified a +0 halberd
  8512 | Bailey   | Identified a +0 ring mail
  8517 | Bailey   | Identified a +0 spear
  8517 | Bailey   | Identified a cursed +0 ring mail
  8520 | Bailey   | Identified a +0 trident
  8520 | Bailey   | Identified a +0 scale mail
  8530 | Bailey   | HP: 8/64 [orc warrior/+0 trident (16)]
  8857 | Bailey   | Identified a +0 trident
  8857 | Bailey   | Identified a +0 scale mail
  8862 | Bailey   | Identified a +0 halberd
  8862 | Bailey   | Identified a +0 ring mail
  8887 | Bailey   | Reached **** piety under Lugonu
  8955 | Bailey   | Identified a +0 spear
  8955 | Bailey   | Identified a +0 ring mail
  8955 | Bailey   | Identified a +0 halberd
  8955 | Bailey   | Identified a +0 chain mail
  8956 | Bailey   | Identified a +0 halberd
  8956 | Bailey   | Identified a +0 ring mail
  8956 | Bailey   | Identified a +0 spear
  8956 | Bailey   | Identified a +0 chain mail
  8956 | Bailey   | Identified a +0 halberd
  8956 | Bailey   | Identified a +0 scale mail
  9094 | Bailey   | Identified a +0 trident
  9094 | Bailey   | Identified a +0 chain mail
  9094 | Bailey   | Identified a +0 halberd
  9094 | Bailey   | Identified a +0 ring mail
  9094 | Bailey   | Identified a +0 halberd
  9094 | Bailey   | Identified a +0 chain mail
  9104 | Bailey   | Identified a +0 halberd
  9104 | Bailey   | Identified a +0 ring mail
  9107 | Bailey   | Identified a +0 halberd
  9107 | Bailey   | Identified a +0 chain mail
  9193 | Bailey   | Identified a +0 spear
  9193 | Bailey   | Identified a +0 scale mail
  9202 | Bailey   | Identified a +0 spear
  9202 | Bailey   | Identified a +0 plate armour
  9216 | Bailey   | Identified a +0 halberd
  9216 | Bailey   | Identified a +0 scale mail
  9238 | Bailey   | Reached skill level 10 in Polearms
  9338 | Bailey   | Identified a +4 halberd
  9338 | Bailey   | Identified a +0 scale mail
  9346 | Bailey   | Identified a +0 spear
  9346 | Bailey   | Identified a +0 scale mail
  9505 | Bailey   | Reached XP level 10. HP: 70/72 MP: 15/15
  9523 | Bailey   | Identified a cursed -1 trident
  9523 | Bailey   | Identified a +0 ring mail
  9526 | Bailey   | Identified a +0 trident
  9526 | Bailey   | Identified a +0 chain mail
  9543 | Bailey   | Identified a +0 halberd
  9543 | Bailey   | Identified a +0 ring mail
  9552 | Bailey   | Reached skill level 4 in Shields
  9901 | D:8      | Identified a +0 shortbow
  9924 | D:8      | Noticed Gastronok
  9933 | D:8      | Identified a +0 giant club
  9954 | D:8      | Reached skill level 8 in Invocations
  9962 | D:8      | Reached skill level 8 in Fighting
 10025 | D:8      | Identified a +4 dagger of chaos
 10025 | D:8      | Identified a +1 robe of positive energy
 10025 | D:8      | Noticed Psyche
 10052 | D:8      | Banished Psyche
 10053 | D:8      | Identified a +1 whip of flaming
 10053 | D:8      | Identified a +0 robe
 10053 | D:8      | Noticed Pikel
 10082 | D:8      | Killed Pikel
 10083 | D:8      | Reached skill level 5 in Shields
 10155 | D:8      | Found a white marble altar of Elyvilon.
 10160 | D:8      | Identified a +0 giant club
 10160 | D:8      | Identified a cursed -3 giant club
 10160 | D:8      | Noticed a two-headed ogre
 10169 | D:8      | Killed a two-headed ogre
 10260 | D:8      | Identified a +0 short sword
 10260 | D:8      | Identified a +0 scale mail
 10262 | D:8      | Identified a +0 flail
 10262 | D:8      | Identified a +0 trident
 10263 | D:8      | Identified a +0 dagger
 10263 | D:8      | Identified a +0 leather armour
 10625 | D:8      | Identified a ring of teleportation (You found it on level 8
                  | of the Dungeon)
 11044 | D:8      | HP: 25/109 [Gastronok/the air (27)]
 11046 | D:8      | Killed Gastronok
 11047 | D:8      | Reached skill level 8 in Dodging
 11047 | D:8      | Reached XP level 11. HP: 28/78 MP: 17/17
 11293 | D:8      | Identified a potion of haste
 11435 | D:8      | Identified 2 scrolls of fear
 11496 | D:9      | Identified an uncursed amulet of guardian spirit (You found
                  | it on level 9 of the Dungeon)
 11559 | D:9      | Found a staircase to the Orcish Mines.
 11583 | D:9      | Identified a +0 giant spiked club
 11593 | D:9      | Reached skill level 6 in Shields
 11641 | D:9      | Identified a +2 shortbow of freezing
 11696 | D:9      | Reached skill level 9 in Fighting
 11865 | D:9      | Identified a +0 club
 11865 | D:9      | Identified a +0 trident
 11867 | D:9      | Found an opulent altar of Gozag.
 11867 | D:9      | Identified a +0 long sword
 11867 | D:9      | Identified a +0 chain mail
 11867 | D:9      | Identified a +0 dagger
 11867 | D:9      | Identified a +0 robe
 11867 | D:9      | Identified a +0 giant spiked club
 11881 | D:9      | Reached skill level 11 in Polearms
 11954 | D:9      | Identified a cursed +3 dire flail
 11954 | D:9      | Identified a +0 robe
 11954 | D:9      | Identified a cursed +3 mace
 11954 | D:9      | Identified a cursed -1 robe
 11954 | D:9      | Identified a +2 flail
 11954 | D:9      | Identified a +0 robe
 12137 | D:9      | Found a bloodstained altar of Trog.
 12164 | D:9      | Found a basalt altar of Yredelemnul.
 12368 | D:10     | Entered Level 10 of the Dungeon
 12416 | D:10     | Identified a cursed -3 scimitar
 12416 | D:10     | Identified a +0 robe
 12416 | D:10     | Identified a cursed +0 scimitar
 12416 | D:10     | Identified a cursed +0 robe
 12439 | D:10     | Killed an unseen horror
 12608 | D:10     | Identified a +0 short sword
 12608 | D:10     | Identified a +0 robe
 12609 | D:10     | Identified a +5 short sword
 12609 | D:10     | Identified a +0 robe
 12609 | D:10     | Identified a +0 falchion
 12609 | D:10     | Identified a +0 robe
 12717 | D:10     | Identified a cursed +0 shortbow
 12736 | D:10     | Killed an unseen horror
 12737 | D:10     | Reached skill level 9 in Invocations
 12759 | D:10     | Reached skill level 7 in Shields
 12903 | D:10     | Noticed a cyclops
 12913 | D:10     | Identified a +5 flail
 12913 | D:10     | Identified a +0 robe
 12953 | D:10     | Killed a cyclops
 13124 | D:10     | Reached ***** piety under Lugonu
 13131 | D:10     | Identified 2 potions of brilliance
 13133 | D:10     | Identified a +0 leather armour
 13178 | D:10     | HP: 16/80 [something (6)]
 13192 | D:10     | Killed an unseen horror
 13845 | D:11     | Noticed a brown ugly thing
 13854 | D:11     | Killed a brown ugly thing
 13932 | D:11     | Noticed a six-headed hydra
 13943 | D:11     | Reached XP level 12. HP: 84/87 MP: 16/18
 13946 | D:11     | Killed a six-headed hydra
 14112 | D:11     | Reached skill level 10 in Fighting
 14147 | D:11     | Identified a +0 dagger of draining
 14147 | D:11     | Identified a +0 cloak
 14147 | D:11     | Noticed Maurice
 14161 | D:11     | Killed Maurice
 14328 | D:11     | Found a staircase to the Lair.
 14447 | D:11     | Reached skill level 8 in Shields
 14738 | D:11     | Identified 2 potions of degeneration
 14842 | D:11     | Identified a +0 morningstar
 14855 | D:11     | Reached skill level 12 in Polearms
 14866 | D:11     | Found a basalt altar of Yredelemnul.
 14886 | D:11     | Identified a +0 giant spiked club
 14886 | D:11     | Identified a +0 giant spiked club
 14886 | D:11     | Noticed a two-headed ogre
 14896 | D:11     | Killed a two-headed ogre
 14897 | D:11     | Reached skill level 9 in Dodging
 14950 | D:11     | Noticed a seven-headed hydra
 14959 | D:11     | Killed a seven-headed hydra
 15046 | D:11     | Identified a +0 shortbow
 15046 | D:11     | Identified a +0 shortbow
 15046 | D:11     | Identified a +0 shortbow
 15046 | D:11     | Identified a +0 shortbow
 15046 | D:11     | Identified a +0 shortbow
 15046 | D:11     | Identified a +0 shortbow
 15400 | D:12     | Identified 2 scrolls of brand weapon
 15401 | D:12     | Identified 2 scrolls of amnesia
 15462 | D:12     | Identified a +0 falchion
 15463 | D:12     | Identified a +0 dagger
 15463 | D:12     | Identified a +0 robe
 15470 | D:12     | Identified a +1 dagger of venom
 15474 | D:12     | Identified a +0 giant club
 15474 | D:12     | Identified a +0 dire flail
 15474 | D:12     | Noticed a two-headed ogre
 15483 | D:12     | Killed a two-headed ogre
 15508 | D:12     | Identified a +0 giant spiked club
 15508 | D:12     | Identified a +0 giant club
 15508 | D:12     | Noticed a two-headed ogre
 15516 | D:12     | Killed a two-headed ogre
 15517 | D:12     | Reached skill level 10 in Invocations
 15687 | D:12     | Reached skill level 9 in Shields
 15692 | D:12     | Identified a +0 war axe
 15692 | D:12     | Identified a +0 leather armour
 15692 | D:12     | Identified a +0 whip
 15692 | D:12     | Identified a +0 leather armour
 15896 | D:12     | Identified a +0 mace
 15896 | D:12     | Identified a +0 leather armour
 16051 | D:12     | Identified a +0 long sword
 16051 | D:12     | Identified a +0 chain mail
 16051 | D:12     | Identified a +0 dagger
 16051 | D:12     | Identified a +0 robe
 16052 | D:12     | Identified a +0 club
 16112 | D:12     | Reached skill level 11 in Fighting
 16493 | D:13     | Reached XP level 13. HP: 40/95 MP: 8/20
 16955 | D:5      | Bought a +4 ring of evasion for 504 gold pieces
 17217 | D:13     | You fall into a shaft and drop 2 floors!
 17217 | D:15     | Entered Level 15 of the Dungeon
 17218 | D:15     | Identified 2 scrolls of enchant armour
 17219 | D:15     | Identified a scroll of acquirement
 17219 | D:15     | Acquired 897 gold pieces
 17264 | D:15     | Identified a +0 spear
 17264 | D:15     | Identified a +0 long sword
 17399 | D:15     | Identified a +0 dagger
 17399 | D:15     | Identified a +0 robe
 17489 | D:15     | Identified a +0 long sword
 17489 | D:15     | Identified a +0 ring mail
 17492 | D:15     | Identified a +0 long sword
 17492 | D:15     | Identified a cursed +0 leather armour
 17554 | D:15     | Identified a +0 scimitar
 17554 | D:15     | Identified a +0 chain mail
 17554 | D:15     | Identified a +0 dagger
 17947 | D:15     | Found a staircase to the Depths.
 17947 | D:15     | Identified a +2 dagger of protection
 17947 | D:15     | Identified a +0 robe
 17955 | D:15     | Reached skill level 13 in Polearms
 18180 | D:15     | Identified a cursed -2 morningstar
 18227 | D:15     | Identified a +0 shortbow
 18230 | D:15     | Identified a +0 shortbow
 18233 | D:15     | Identified a +0 shortbow
 18240 | D:15     | Reached skill level 10 in Shields
 18382 | D:15     | Identified a +0 giant club
 18383 | D:15     | Found a transporter.
 18383 | D:15     | Identified a +0 giant spiked club
 18383 | D:15     | Identified a +0 giant club
 18383 | D:15     | Noticed HendSelp's ghost (journeyman MfGl)
 18383 | D:15     | Identified a +0 giant club
 18383 | D:15     | Identified a +0 giant club
 18384 | D:15     | Identified a +0 great mace of protection
 18384 | D:15     | Identified a +0 giant spiked club
 18385 | D:15     | Identified a +0 great mace
 18385 | D:15     | Identified a +0 giant club
 18385 | D:15     | Identified a +0 giant club
 18385 | D:15     | Identified a +0 giant club
 18388 | D:15     | Found a transporter.
 18388 | D:15     | Identified the +7 great mace "Tov Abbawyh" {freeze, rC+
                  | Will+}
 18388 | D:15     | Noticed a frost giant
 18590 | D:14     | Identified a +0 dagger
 18590 | D:14     | Identified a +0 robe
 18590 | D:14     | Identified a +0 club
 18591 | D:14     | Identified a +0 flail
 18591 | D:14     | Identified a cursed -1 ring mail
 18594 | D:14     | Reached ****** piety under Lugonu
 18594 | D:14     | Identified a cursed -1 flail
 18596 | D:14     | Identified a +0 flail
 18596 | D:14     | Identified a +0 leather armour
 18597 | D:14     | Identified a +0 dagger
 18597 | D:14     | Identified a +0 robe
 18607 | D:14     | Identified a +0 troll leather armour
 18632 | D:14     | Reached skill level 10 in Dodging
 18639 | D:14     | Reached skill level 12 in Fighting
 18998 | D:14     | Identified a +0 giant club
 19003 | D:14     | Identified a +0 scimitar
 19003 | D:14     | Identified a +0 robe
 19005 | D:14     | Identified a +0 scimitar
 19005 | D:14     | Identified a +0 robe
 19006 | D:14     | Identified a +5 falchion
 19006 | D:14     | Identified a +0 robe
 19007 | D:14     | Identified a +0 battleaxe
 19007 | D:14     | Identified a +0 robe
 19010 | D:14     | Identified a +4 halberd
 19010 | D:14     | Identified a +0 robe
 19061 | D:13     | Reached XP level 14. HP: 71/103 MP: 13/22
 19442 | D:5      | Bought an uncursed amulet of reflection for 420 gold pieces
 19527 | D:5      | Killed Edmund
 19686 | D:13     | Identified a +0 shortbow of freezing
 19686 | D:13     | Identified a +3 shortbow of flaming
 19687 | D:13     | Identified a +0 shortbow
 19687 | D:13     | Identified a +0 shortbow
 19693 | D:13     | Identified a +0 shortbow
 19694 | D:13     | Identified a +0 shortbow
 19781 | D:13     | Reached skill level 11 in Invocations
 19820 | D:13     | Identified a +0 shortbow
 19922 | D:13     | Identified a +0 shortbow
 19924 | D:13     | Identified a +0 hand axe
 19924 | D:13     | Identified a +0 robe
 19929 | D:13     | Identified a +2 war axe of venom
 19929 | D:13     | Identified a +0 leather armour
 19931 | D:13     | Identified a +0 war axe
 19931 | D:13     | Identified a +0 leather armour
 19950 | D:13     | HP: 21/104 [meliai/divine providence (12)]
 20218 | D:13     | Reached skill level 11 in Shields
 20223 | D:13     | Identified a +0 troll leather armour
 20420 | D:13     | Identified a +0 dagger
 20420 | D:13     | Identified a +0 robe
 20654 | D:13     | Reached skill level 14 in Polearms
 20675 | D:13     | Identified a +0 dagger
 20883 | D:13     | Identified a +0 arbalest
 20939 | D:13     | Found a gate to the Vaults.
 20939 | D:13     | Identified a +2 long sword
 20939 | D:13     | Identified a +0 chain mail
 20939 | D:13     | Identified a +0 dagger
 20939 | D:13     | Identified a +0 robe
 20939 | D:13     | Identified a +0 great sword
 20939 | D:13     | Identified a +0 plate armour
 20939 | D:13     | Identified a +0 dagger
 20939 | D:13     | Identified a +0 robe
 20939 | D:13     | Identified a +0 long sword
 20939 | D:13     | Identified a +0 chain mail
 20988 | D:13     | Reached skill level 13 in Fighting
 21490 | D:14     | Identified a +0 dagger
 21490 | D:14     | Identified a +0 robe
 21492 | D:14     | Identified a +0 dagger
 21492 | D:14     | Identified a +0 robe
 21494 | D:14     | Identified a +0 club
 21494 | D:14     | Identified a +0 robe
 21497 | D:14     | Identified a +0 long sword
 21505 | D:14     | Identified a +0 dagger
 21505 | D:14     | Identified a +0 robe
 21818 | D:14     | Found a portal to a secret trove of treasure.
 21856 | D:14     | Identified 2 scrolls of magic mapping
 21857 | D:14     | Identified a potion of ambrosia
 22064 | Lair:1   | Entered Level 1 of the Lair of Beasts
 22139 | Lair:1   | Identified 2 potions of attraction
 22217 | Lair:1   | Reached skill level 11 in Dodging
 22325 | Lair:1   | Identified 2 potions of mutation
 22512 | Lair:1   | You fall into a shaft and drop 1 floor!
 22525 | Lair:2   | Reached XP level 15. HP: 99/111 MP: 20/23
 22631 | Lair:1   | Identified a scroll of summoning
 22838 | Lair:2   | Got a heavily runed ivory amulet
 22849 | Lair:2   | Identified the amulet "Raxar" {Inacc Int+2 Dex+3} (You
                  | found it on level 2 of the Lair of Beasts)
 22893 | Lair:2   | Reached skill level 12 in Invocations
 22920 | Lair:2   | Got a shimmering morningstar
 22923 | Lair:2   | Found a staircase to the Shoals.
 23271 | Lair:2   | Acquired a manual of Dodging
 23297 | Lair:2   | Reached skill level 12 in Shields
 23493 | Lair:2   | Learned a level 1 spell: Apportation
 23495 | Lair:2   | Learned a level 1 spell: Animate Skeleton
 23499 | Lair:2   | Learned a level 3 spell: Vampiric Draining
 23504 | Lair:2   | Learned a level 4 spell: Animate Dead
 23508 | Lair:2   | Learned a level 3 spell: Tukima's Dance
 23561 | Lair:2   | Found an ornate altar of the Wu Jian Council.
 24173 | Lair:3   | Found a blossoming altar of Fedhas.
 24234 | Lair:3   | Reached skill level 14 in Fighting
 24235 | Lair:3   | Identified a ring of flight (You found it on level 3 of the
                  | Lair of Beasts)
 25221 | Lair:4   | Identified a scroll of blinking
 25378 | Lair:4   | Found a hole to the Spider Nest.
 25740 | Lair:5   | Reached skill level 12 in Dodging
 26302 | Lair:5   | Learned a level 2 spell: Blink
 26657 | Lair:6   | Entered Level 6 of the Lair of Beasts
 27167 | Lair:6   | Reached skill level 15 in Polearms
 27167 | Lair:6   | Reached XP level 16. HP: 119/120 MP: 25/25
 27294 | Lair:6   | Found a staircase to the Slime Pits.
 27434 | Lair:6   | Identified a +0 short sword
 27434 | Lair:6   | Identified a +0 robe
 27440 | Lair:6   | Identified a +0 rapier
 27440 | Lair:6   | Identified a +0 robe
 27763 | Lair:6   | Got a steaming whip
 27933 | Lair:6   | Identified a +0 dagger
 27933 | Lair:6   | Identified a cursed +0 robe
 27933 | Lair:6   | Identified a +0 rapier
 27933 | Lair:6   | Identified a +0 robe
 27933 | Lair:6   | Identified a +0 spear
 27933 | Lair:6   | Identified a +0 buckler
 27934 | Lair:6   | Identified a cursed +0 rapier
 27934 | Lair:6   | Identified a +0 robe
 27978 | Lair:6   | Reached skill level 13 in Invocations
 28030 | Lair:6   | Identified a +0 rapier
 28030 | Lair:6   | Identified a +0 robe
 28141 | Lair:6   | Reached skill level 13 in Dodging
 28251 | Lair:6   | Identified a +0 rapier
 28251 | Lair:6   | Identified a +0 robe
 28251 | Lair:6   | Identified a +0 spear
 28252 | Lair:6   | Identified a +0 rapier
 28252 | Lair:6   | Identified a +0 robe
 28252 | Lair:6   | Identified a +0 buckler
 28252 | Lair:6   | Identified a +0 short sword
 28252 | Lair:6   | Identified a cursed +0 robe
 28253 | Lair:6   | Identified a +0 rapier
 28253 | Lair:6   | Identified a +0 robe
 28253 | Lair:6   | Identified a +0 buckler
 28268 | Lair:6   | Reached skill level 15 in Fighting
 28443 | Lair:6   | Identified a +0 short sword
 28443 | Lair:6   | Identified a +0 robe
 28968 | Orc:1    | Entered Level 1 of the Orcish Mines
 28969 | Orc:1    | Identified a +0 war axe
 28969 | Orc:1    | Identified a +1 plate armour of cold resistance
 28972 | Orc:1    | Identified a +0 dagger
 28972 | Orc:1    | Identified a +0 robe
 28974 | Orc:1    | Identified a +0 flail
 28974 | Orc:1    | Identified a +0 chain mail
 28974 | Orc:1    | Identified a +0 club
 28974 | Orc:1    | Identified a +0 scale mail
 28976 | Orc:1    | Identified a cursed +0 scale mail
 28986 | Orc:1    | Identified a +0 dagger
 28986 | Orc:1    | Identified a +0 robe
 28987 | Orc:1    | Identified a cursed -3 giant club
 28990 | Orc:1    | Identified a +0 dagger
 28990 | Orc:1    | Identified a +1 robe of cold resistance
 28990 | Orc:1    | Identified a +0 flail
 28999 | Orc:1    | Identified a +0 war axe
 28999 | Orc:1    | Identified a +0 chain mail
 29000 | Orc:1    | Identified a +0 great mace
 29000 | Orc:1    | Identified a +0 arbalest
 29000 | Orc:1    | Identified a +0 chain mail
 29004 | Orc:1    | Identified a +0 dagger
 29004 | Orc:1    | Identified a +0 robe
 29004 | Orc:1    | Identified a +0 long sword
 29004 | Orc:1    | Identified a +0 chain mail
 29007 | Orc:1    | Identified a cursed +0 short sword
 29007 | Orc:1    | Identified a +0 chain mail
 29009 | Orc:1    | Identified a +0 mace
 29009 | Orc:1    | Identified a +0 scale mail
 29013 | Orc:1    | Identified a +1 dagger of venom
 29013 | Orc:1    | Noticed Sonja
 29024 | Orc:1    | Killed Sonja
 29143 | Orc:1    | Identified a +0 troll leather armour
 29202 | Orc:1    | Identified a +0 dagger
 29202 | Orc:1    | Identified a +0 robe
 29208 | Orc:1    | Paralysed by an orc sorcerer for 2 turns
 29303 | Orc:2    | Entered Level 2 of the Orcish Mines
 29303 | Orc:2    | Identified a cursed -3 dagger
 29303 | Orc:2    | Identified a +0 robe
 29303 | Orc:2    | Noticed Josephine
 29303 | Orc:2    | Identified a +0 hand axe
 29303 | Orc:2    | Identified a +0 leather armour
 29313 | Orc:2    | Killed Josephine
 29316 | Orc:2    | Identified a +0 dagger
 29316 | Orc:2    | Identified a +0 robe
 29317 | Orc:2    | Reached skill level 13 in Shields
 29318 | Orc:2    | Identified a +0 dagger
 29318 | Orc:2    | Identified a +0 robe
 29321 | Orc:2    | Identified a +2 great sword of venom
 29321 | Orc:2    | Identified a +0 scale mail
 29321 | Orc:2    | Noticed Urug
 29325 | Orc:2    | Identified a +0 dagger
 29325 | Orc:2    | Identified a +0 leather armour
 29329 | Orc:2    | Identified a +0 flail
 29333 | Orc:2    | Identified a +0 flail
 29333 | Orc:2    | Identified a +0 plate armour
 29333 | Orc:2    | Identified a +0 flail
 29334 | Orc:2    | Killed Urug
 29334 | Orc:2    | Identified a +0 dagger
 29334 | Orc:2    | Identified a +0 robe
 29336 | Orc:2    | Identified a +0 hand axe
 29336 | Orc:2    | Identified a +0 chain mail
 29337 | Orc:2    | Identified a +0 dagger
 29337 | Orc:2    | Identified a +0 robe
 29337 | Orc:2    | Identified a +0 hand axe
 29337 | Orc:2    | Identified a +0 chain mail
 29344 | Orc:2    | Identified a +4 dagger
 29344 | Orc:2    | Identified a +0 robe
 29403 | Orc:2    | Identified a cursed -2 club
 29403 | Orc:2    | Identified a +0 ring mail
 29404 | Orc:2    | Identified a +0 long sword
 29404 | Orc:2    | Identified a +0 plate armour
 29404 | Orc:2    | Identified a +0 club
 29404 | Orc:2    | Identified a +0 leather armour
 29405 | Orc:2    | Identified a +0 mace
 29405 | Orc:2    | Identified a +0 scale mail
 29406 | Orc:2    | Identified a +0 short sword
 29406 | Orc:2    | Identified a +0 chain mail
 29406 | Orc:2    | Identified a +0 flail
 29406 | Orc:2    | Identified a +0 chain mail
 29407 | Orc:2    | Identified a +2 hand axe of draining
 29407 | Orc:2    | Identified a cursed -1 plate armour
 29411 | Orc:2    | Identified a +2 hand axe of electrocution
 29416 | Orc:2    | Identified a +0 glaive
 29416 | Orc:2    | Identified a +0 plate armour
 29420 | Orc:2    | Identified a +0 dagger
 29420 | Orc:2    | Identified a +0 robe
 29423 | Orc:2    | Identified a +0 dagger
 29423 | Orc:2    | Identified a +0 dagger
 29423 | Orc:2    | Identified a +0 robe
 29424 | Orc:2    | Identified a +0 hand axe
 29424 | Orc:2    | Identified a +0 plate armour
 29427 | Orc:2    | Identified a +0 hand axe of draining
 29431 | Orc:2    | Identified a +0 dagger
 29431 | Orc:2    | Identified a +0 robe
 29527 | Orc:2    | Identified a +0 longbow of flaming
 29528 | Orc:2    | Identified a +0 shortbow
 29528 | Orc:2    | Identified a +0 shortbow
 29528 | Orc:2    | Identified a +0 shortbow
 29529 | Orc:2    | Identified a +0 shortbow
 29529 | Orc:2    | Identified a cursed -3 shortbow
 29531 | Orc:2    | Identified a +0 great mace
 29531 | Orc:2    | Identified a +0 arbalest
 29531 | Orc:2    | Identified a +0 glaive
 29531 | Orc:2    | Identified a +0 arbalest
 29531 | Orc:2    | Identified a +0 shortbow
 29532 | Orc:2    | Identified a +0 hand axe
 29532 | Orc:2    | Identified a +0 arbalest
 29532 | Orc:2    | Identified a +0 battleaxe
 29532 | Orc:2    | Identified a +0 arbalest
 29537 | Orc:2    | Identified a +0 hand axe
 29537 | Orc:2    | Identified a +0 arbalest
 29538 | Orc:2    | Identified a +0 battleaxe
 29538 | Orc:2    | Identified a +0 arbalest
 29538 | Orc:2    | Identified a +0 mace
 29538 | Orc:2    | Identified a +0 arbalest
 29543 | Orc:2    | Identified a +0 glaive
 29543 | Orc:2    | Identified a +0 plate armour
 29545 | Orc:2    | Identified a +0 scimitar
 29545 | Orc:2    | Identified a cursed +0 plate armour
 29548 | Orc:2    | Identified a +0 glaive
 29548 | Orc:2    | Identified a +0 arbalest
 29561 | Orc:2    | Identified a +0 flail
 29561 | Orc:2    | Identified a +0 plate armour
 29566 | Orc:2    | Identified a +0 hand axe
 29566 | Orc:2    | Identified a +0 arbalest
 29567 | Orc:2    | Identified a +0 glaive
 29567 | Orc:2    | Identified a +0 arbalest
 29569 | Orc:2    | Identified a +0 glaive
 29569 | Orc:2    | Identified a +0 arbalest
 29572 | Orc:2    | Identified a +0 mace
 29572 | Orc:2    | Identified a +0 chain mail
 29573 | Orc:2    | Identified a +0 long sword
 29573 | Orc:2    | Identified a +0 chain mail
 29576 | Orc:2    | Identified a +0 hand axe
 29576 | Orc:2    | Identified a +0 arbalest
 29579 | Orc:2    | Identified a +0 glaive
 29579 | Orc:2    | Identified a +0 chain mail
 29586 | Orc:2    | Identified a +0 glaive
 29586 | Orc:2    | Identified a +0 arbalest
 29588 | Orc:2    | Identified a +0 halberd
 29588 | Orc:2    | Identified a +0 plate armour
 29594 | Orc:2    | Identified a +0 broad axe
 29594 | Orc:2    | Identified a +0 arbalest
 29594 | Orc:2    | Identified a +0 broad axe
 29594 | Orc:2    | Identified a +0 arbalest
 29599 | Orc:2    | Identified a +0 battleaxe
 29599 | Orc:2    | Identified a +0 arbalest
 29613 | Orc:2    | Identified a +0 hand axe
 29613 | Orc:2    | Identified a +0 arbalest
 29615 | Orc:2    | Identified a +0 battleaxe
 29615 | Orc:2    | Identified a +0 arbalest
 29615 | Orc:2    | Identified a +0 mace
 29615 | Orc:2    | Identified a +0 chain mail
 29617 | Orc:2    | Identified a +0 mace
 29617 | Orc:2    | Identified a +0 arbalest
 29620 | Orc:2    | Identified a +0 shortbow
 29649 | Orc:2    | Identified a +0 mace
 29649 | Orc:2    | Identified a +0 arbalest
 29910 | Orc:2    | Found a staircase to the Elven Halls.
 29918 | Orc:2    | Identified a +0 club
 29918 | Orc:2    | Identified a +0 chain mail
 29919 | Orc:2    | Identified a +0 glaive
 29919 | Orc:2    | Identified a +0 plate armour
 29920 | Orc:2    | Identified a cursed -2 short sword
 29921 | Orc:2    | Identified a +0 dagger
 29970 | Orc:2    | Identified a +0 shortbow
 29971 | Orc:2    | Identified a +0 shortbow
 29972 | Orc:2    | Identified a +0 shortbow
 29973 | Orc:2    | Identified a +0 shortbow
 29975 | Orc:2    | Identified a +0 shortbow
 29982 | Orc:2    | Identified a +0 giant club
 29982 | Orc:2    | Identified a +0 giant club
 30022 | Orc:2    | Found Qanunt's Armour Shoppe.
 30022 | Orc:2    | Found Qissiwil's Antique Weapon Shop.
 30022 | Orc:2    | Found Gadosm's Book Boutique.
 30027 | Orc:2    | Found Igog's Book Emporium.
 30112 | Orc:2    | Identified a +0 battleaxe
 30112 | Orc:2    | Identified a +0 chain mail
 30113 | Orc:2    | Identified a +0 dire flail of holy wrath
 30113 | Orc:2    | Identified a +0 plate armour
 30114 | Orc:2    | Identified a +0 club
 30114 | Orc:2    | Identified a cursed -2 short sword
 30114 | Orc:2    | Identified a +4 chain mail
 30114 | Orc:2    | Identified a +0 club
 30114 | Orc:2    | Identified a +0 short sword
 30114 | Orc:2    | Identified a +0 chain mail
 30114 | Orc:2    | Identified a +0 mace
 30114 | Orc:2    | Identified a +0 plate armour
 30115 | Orc:2    | Identified a +0 war axe
 30115 | Orc:2    | Identified a +0 plate armour
 30115 | Orc:2    | Noticed Saint Roka
 30115 | Orc:2    | Identified a +0 flail
 30115 | Orc:2    | Identified a +0 chain mail
 30115 | Orc:2    | Identified a cursed -3 short sword
 30115 | Orc:2    | Identified a +0 leather armour
 30115 | Orc:2    | Identified a cursed -2 dagger
 30115 | Orc:2    | Identified a +0 robe
 30115 | Orc:2    | Identified a +1 falchion of flaming
 30115 | Orc:2    | Identified a +0 leather armour
 30115 | Orc:2    | Identified a +0 long sword
 30115 | Orc:2    | Identified a +0 plate armour
 30136 | Orc:2    | Identified a +0 glaive
 30136 | Orc:2    | Identified a +0 chain mail
 30150 | Orc:2    | Identified a +0 short sword
 30150 | Orc:2    | Identified a +0 ring mail
 30151 | Orc:2    | Identified a +2 longbow of flaming
 30151 | Orc:2    | Identified a +1 barding of fire resistance
 30151 | Orc:2    | Noticed Nessos
 30160 | Orc:2    | HP: 18/122 [Saint Roka/divine providence (16)]
 30323 | Orc:2    | Killed Nessos
 30510 | Orc:2    | Killed Saint Roka
 30857 | Orc:2    | Identified a +0 halberd
 30857 | Orc:2    | Identified a +0 plate armour
 30858 | Orc:2    | Identified a +0 club
 30858 | Orc:2    | Identified a +0 leather armour
 30858 | Orc:2    | Identified a +0 leather armour
 31124 | Orc:2    | Bought a book of Minor Magic for 280 gold pieces
 31124 | Orc:2    | Bought a book of Unlife for 910 gold pieces
 31124 | Orc:2    | Bought the Reference Book on Aerial Toxins for 1050 gold
                  | pieces
 31311 | D:5      | Bought an uncursed ring of resist corrosion for 280 gold
                  | pieces
 31311 | D:5      | Bought an uncursed ring of willpower for 350 gold pieces
 31586 | Shoals:1 | Entered Level 1 of the Shoals
 31590 | Shoals:1 | Identified a +0 trident
 31594 | Shoals:1 | Identified a +0 trident
 31614 | Shoals:1 | Identified a +0 club
 31614 | Shoals:1 | Identified a +0 hunting sling
 31615 | Shoals:1 | Identified a +0 trident
 32022 | Shoals:1 | Identified a +0 quarterstaff
 32022 | Shoals:1 | Identified a +0 hunting sling
 32084 | Shoals:1 | Identified a +0 trident
 32206 | Shoals:1 | Reached skill level 14 in Dodging
 32451 | Shoals:1 | Reached XP level 17. HP: 90/127 MP: 27/27
 32582 | Shoals:1 | Identified a +0 spear
 32582 | Shoals:1 | Identified a +0 hunting sling
 32606 | Shoals:1 | Identified a scroll of torment
 32694 | Shoals:1 | Identified a +0 trident
 33118 | Shoals:2 | Noticed Polyphemus
 33118 | Shoals:2 | Identified a +0 trident
 33257 | Shoals:1 | Killed Polyphemus
 33740 | Shoals:2 | Identified a +0 trident
 33749 | Shoals:2 | Reached skill level 14 in Invocations
 33826 | Shoals:2 | Identified a +0 spear
 33863 | Shoals:2 | Identified a +0 spear
 33875 | Shoals:2 | Identified a +0 trident
 33963 | Shoals:2 | Identified a +0 trident
 33963 | Shoals:2 | Identified a +0 robe
 33982 | Shoals:2 | Identified a +0 trident
 34131 | Shoals:2 | Identified a +0 trident
 34288 | Shoals:2 | Identified a +0 trident
 34440 | Shoals:3 | Identified a +0 trident
 34444 | Shoals:3 | Identified a +0 trident
 34621 | Shoals:3 | Identified a +0 vorpal trident
 34628 | Shoals:3 | Identified a +0 trident
 34752 | Shoals:3 | Identified a +0 trident
 34756 | Shoals:3 | Identified a +0 trident
 34756 | Shoals:3 | Identified a +0 robe
 34756 | Shoals:3 | Identified a +0 trident
 34757 | Shoals:3 | Identified a -1 trident of freezing
 34757 | Shoals:3 | Identified a +2 robe of willpower
 34757 | Shoals:3 | Noticed Ilsuiw
 34814 | Shoals:3 | Identified a +0 trident
 34846 | Shoals:3 | Identified a +0 trident
 35018 | Shoals:3 | Identified a +0 trident
 35224 | Shoals:3 | Reached skill level 16 in Polearms
 35225 | Shoals:3 | Reached skill level 15 in Dodging
 35454 | Shoals:3 | Killed Ilsuiw
 35538 | Shoals:3 | Identified a cursed -3 rapier
 35538 | Shoals:3 | Identified a +0 robe
 35554 | Shoals:3 | Reached skill level 1 in Spellcasting
 35554 | Shoals:3 | Reached skill level 1 in Evocations
 35566 | Shoals:3 | Identified a +1 vampiric trident (You found it on level 3
                  | of the Shoals)
 35569 | Shoals:3 | Identified a +0 spear
 35569 | Shoals:3 | Identified a +0 hunting sling
 35571 | Shoals:3 | Identified a +0 spear
 35571 | Shoals:3 | Identified a +0 spear
 35571 | Shoals:3 | Identified a +0 hunting sling
 35586 | Shoals:3 | Reached skill level 14 in Shields
 35590 | Shoals:3 | Reached skill level 1 in Hexes
 35918 | Shoals:4 | Entered Level 4 of the Shoals
 35918 | Shoals:4 | Identified a +0 demon trident of freezing
 35918 | Shoals:4 | Identified a +0 chain mail
 35918 | Shoals:4 | Identified a +0 tower shield
 35918 | Shoals:4 | Noticed Louise
 35928 | Shoals:4 | Identified a +0 club
 35928 | Shoals:4 | Identified a +0 hunting sling
 35932 | Shoals:4 | Identified a +0 club
 35932 | Shoals:4 | Identified a cursed +0 hunting sling
 35932 | Shoals:4 | Identified a +0 quarterstaff
 35932 | Shoals:4 | Identified a +0 hunting sling
 35933 | Shoals:4 | Identified a +0 spear
 35933 | Shoals:4 | Identified a -3 longbow
 35942 | Shoals:4 | Reached skill level 1 in Necromancy
 35942 | Shoals:4 | Reached skill level 1 in Translocations
 35986 | Shoals:4 | Identified a +0 spear
 35986 | Shoals:4 | Identified a +0 fustibalus
 35986 | Shoals:4 | Identified a +0 club
 35986 | Shoals:4 | Identified a cursed +0 hunting sling
 35987 | Shoals:4 | Identified a +0 trident
 35987 | Shoals:4 | Identified a +0 robe
 35991 | Shoals:4 | Identified a +0 rapier
 35991 | Shoals:4 | Identified a +0 robe
 35991 | Shoals:4 | Identified a +0 trident
 35991 | Shoals:4 | Identified a cursed +0 robe
 35993 | Shoals:4 | Identified a +3 spear
 35993 | Shoals:4 | Identified a +0 fustibalus
 35995 | Shoals:4 | Identified a +3 vorpal trident
 35995 | Shoals:4 | Identified a +0 leather armour
 36001 | Shoals:4 | Identified a +0 quarterstaff
 36001 | Shoals:4 | Identified a +0 hunting sling
 36001 | Shoals:4 | Identified a +0 club
 36001 | Shoals:4 | Identified a +0 hunting sling
 36012 | Shoals:4 | Identified a ring of magical power (You found it on level 4
                  | of the Shoals)
 36345 | Shoals:4 | Identified a cursed +0 spear
 36373 | Shoals:4 | Identified a +0 trident
 36420 | Shoals:4 | Identified a +0 tower shield (You found it on level 4 of
                  | the Shoals)
 36452 | Shoals:4 | Identified a +1 vorpal battleaxe
 36503 | Shoals:4 | Identified a +0 spear
 36574 | Shoals:4 | Reached skill level 2 in Evocations
 36590 | Shoals:4 | Identified a +0 trident
 36590 | Shoals:4 | Identified a +0 leather armour
 36602 | Shoals:4 | Reached skill level 16 in Fighting
 36624 | Shoals:4 | HP: 28/129 [sea snake (14)]
 36630 | Shoals:4 | Reached skill level 2 in Hexes
 36630 | Shoals:4 | Reached skill level 2 in Necromancy
 36670 | Shoals:4 | Identified a +0 quarterstaff
 36670 | Shoals:4 | Identified a +0 hunting sling
 36695 | Shoals:4 | Identified a +0 spear
 36695 | Shoals:4 | Identified a +0 hunting sling
 36709 | Shoals:4 | Identified a +2 vorpal spear
 36709 | Shoals:4 | Identified a +0 leather armour
 36724 | Shoals:4 | HP: 26/129 [merfolk javelineer/silver javelin (24)]
 36727 | Shoals:4 | Reached skill level 2 in Spellcasting
 36727 | Shoals:4 | Reached skill level 2 in Translocations
 36793 | Shoals:4 | HP: 23/129 [satyr/sling bullet (30)]
 36793 | Shoals:4 | HP: 7/129 [water nymph/the raging water (16)]
 36806 | Shoals:4 | Killed from afar by a water nymph

Table legend: (Time is in decaauts)
 A = Elapsed time spent in this place.
 B = Non-inter-level travel time spent in this place.
 C = Inter-level travel time spent in this place.
 D = Time resting spent in this place.
 E = Time spent auto-exploring this place.
 F = Levels seen in this place.
 G = Mean time per level.
                   A        B        C        D        E       F      G
               +--------+--------+--------+--------+--------+-----+--------+
         Total |  35577 |  32618 |   2959 |   9703 |  16183 |  29 | 1226.8 |
       Dungeon |  20281 |  17908 |   2373 |   5171 |   9641 |  15 | 1352.1 |
          Lair |   6962 |   6570 |    392 |   1623 |   3837 |   6 | 1160.3 |
        Shoals |   4526 |   4415 |    111 |   1499 |   1510 |   4 | 1131.5 |
  Orcish Mines |   2074 |   1993 |     81 |    596 |    827 |   2 | 1037.0 |
         Abyss |    141 |    141 |      0 |      0 |    114 |   1 |  141.0 |
        Bailey |   1591 |   1591 |      0 |    812 |    254 |   1 | 1591.0 |
               +--------+--------+--------+--------+--------+-----+--------+

Top non-repeatable levels by time:
     D:7: 2036 daAuts
  Lair:6: 1956 daAuts
    D:13: 1871 daAuts
  Lair:2: 1753 daAuts
   Orc:2: 1752 daAuts
    D:11: 1697 daAuts
  Bailey: 1591 daAuts
    D:10: 1504 daAuts
Shoals:1: 1410 daAuts
     D:8: 1402 daAuts
     D:6: 1384 daAuts
    D:12: 1352 daAuts
    D:15: 1305 daAuts
Shoals:3: 1248 daAuts
     D:4: 1242 daAuts

Table legend:
 A = Kills in this place as a percentage of kills in entire the game.
 B = Kills by you in this place as a percentage of kills by you in the entire game.
 C = Kills by friends in this place as a percentage of kills by friends in the entire game.
 D = Other kills in this place as a percentage of other kills in the entire game.
 E = Experience gained in this place as a percentage of experience gained in the entire game.
 F = Experience gained in this place divided by the number of levels of this place that you have seen.
                   A       B       C       D       E      F
               +-------+-------+-------+-------+-------+----------------------
         Total | 100.0 | 100.0 |   N/A | 100.0 | 100.0 | 8062.3
       Dungeon |  45.8 |  45.6 |   N/A |  54.5 |  33.8 | 5267.8
          Lair |  23.5 |  23.5 |   N/A |  18.2 |  26.4 | 10279.0
        Shoals |  13.4 |  13.4 |   N/A |   9.1 |  28.8 | 16856.2
  Orcish Mines |  13.3 |  13.2 |   N/A |  18.2 |  10.0 | 11705.5
        Bailey |   4.1 |   4.2 |   N/A |   0.0 |   1.0 | 2281.0
               +-------+-------+-------+-------+-------+----------------------

Skill      XL: |  1  2  3  4  5  6  7  8  9 10 11 12 13 14 15 16 17 |
---------------+----------------------------------------------------+-----
Polearms       | 3 4 9 10 11 12 13 14 15 16 | 16.0
Dodging        | 3 6 7 8 9 10 11 12 14 15 | 15.3
Invocations    | 3 7 8 9 10 11 12 13 14 | 14.0
Fighting       | 4 7 8 9 11 12 13 14 15 16 | 16.0
Shields        | 2 3 5 7 9 10 11 12 13 14 | 14.1
Spellcasting   | 2 |  2.0
Evocations     | 2 |  2.4
Hexes          | 2 |  2.0
Necromancy     | 2 |  2.0
Translocations | 2 |  2.0

Action                   |  1- 3 |  4- 6 |  7- 9 | 10-12 | 13-15 | 16-18 || total
-------------------------+-------+-------+-------+-------+-------+-------++-------
Melee: Spear             |    48 |    47 |       |       |       |       ||    95
       Constrict         |    10 |    21 |    41 |    65 |   157 |   173 ||   467
       Tentacles         |     7 |    18 |    43 |   179 |   570 |   466 ||  1283
       Trident           |       |    64 |   282 |   672 |  1440 |  1286 ||  3744
 Fire: Hand crossbow     |       |       |    18 |       |       |       ||    18
Throw: Boomerang         |     1 |       |       |       |       |       ||     1
       Dart              |       |       |     6 |    10 |    20 |       ||    36
       Javelin           |       |       |       |     6 |     5 |    16 ||    27
 Cast: Blink             |       |       |       |       |       |     4 ||     4
       Apportation       |       |       |       |       |       |     1 ||     1
Invok: Depart the Abyss  |     1 |       |       |       |       |       ||     1
       Banish            |       |       |       |     2 |       |     3 ||     5
Evoke: Wand              |       |       |       |     4 |     5 |    26 ||    35
       Condenser vane    |       |       |       |     1 |       |     2 ||     3
  Use: Scroll            |     2 |     8 |     9 |     7 |    10 |     9 ||    45
       Potion            |       |     1 |       |     4 |     3 |     8 ||    16
 Stab: Sleeping          |     6 |     8 |    13 |    20 |    12 |     7 ||    66
       Distracted        |     1 |       |     1 |       |     7 |     4 ||    13
       Confused          |       |       |       |     1 |       |     5 ||     6
       Petrified         |       |       |       |       |     1 |       ||     1
       Paralysed         |       |       |       |       |       |    11 ||    11
Armor: Skin              |     3 |       |     3 |    99 |    30 |    18 ||   153
Dodge: Dodged            |    27 |    49 |   140 |   311 |   515 |   539 ||  1581
Block: Buckler           |       |       |    81 |   200 |   465 |   709 ||  1455
       Reflection        |       |       |       |       |     1 |    74 ||    75
       Tower shield      |       |       |       |       |       |    52 ||    52

Vanquished Creatures
  Saint Roka (Orc:2)
  Polyphemus (Shoals:1)
  Gastronok (D:8)
  Ilsuiw (Shoals:3)
  Nessos (Orc:2)
  2 merfolk javelineers (Shoals:4)
  Josephine (Orc:2)
  3 vault guards (D:13)
  3 merfolk impalers
  6 boulder beetles
  12 hydras
  4 catoblepae
  4 merfolk avatars
  An alligator (Shoals:1)
  An anaconda (Shoals:1)
  2 merfolk aquamancers
  3 centaur warriors
  14 death yaks
  5 two-headed ogres
  2 alligator snapping turtles (Shoals:2)
  A satyr (Shoals:4)
  Urug (Orc:2)
  Sonja (Orc:1)
  7 sea snakes
  4 unseen horrors
  A wizard (D:15)
  17 harpies
  3 orc knights
  Pikel (D:8)
  4 necromancers
  A mana viper (shapeshifter) (D:12)
  13 ugly things
  2 deep elf pyromancers
  2 deep elf zephyrmancers (D:15)
  8 cyclopes
  9 merfolk sirens
  12 manticores
  An orc sorcerer (Orc:1)
  10 fauns
  Maurice (D:11)
  11 elephants
  6 water nymphs
  2 black mambas
  8 cane toads
  2 rime drakes
  7 centaur skeletons
  2 gargoyles
  13 komodo dragons
  A yaktaur (D:13)
  2 guardian mummies (D:14)
  18 merfolk
  6 trolls
  A jumping spider (Lair:4)
  3 meliai (D:13)
  13 slime creatures
  5 polar bears
  5 hornets
  23 dream sheep
  19 blink frogs
  4 wind drakes
  A meliai zombie (D:13)
  10 snapping turtles
  A redback (Lair:4)
  2 centaur simulacra (D:15)
  13 spriggans (Lair:6)
  3 shadows
  7 wraiths
  2 wyverns
  7 water elementals
  27 yaks
  18 humans (D:13)
  6 basilisks
  12 vampire mosquitoes
  Edmund (D:5)
  3 wargs
  10 water moccasins
  2 soldier ants
  A meliai simulacrum (D:15)
  3 ice beasts
  A hornet zombie (D:15)
  52 orc warriors
  2 sky beasts
  7 ogres
  5 black bears
  21 wolves
  An eye of draining (D:14)
  4 boggarts (Lair:6)
  38 centaurs
  A phantom (D:9)
  3 lemures (D:8)
  17 bullfrogs
  A wyvern zombie (D:10)
  2 wyvern skeletons
  6 scorpions
  19 killer bees
  4 electric eels
  19 wights
  3 bullfrog zombies
  4 centaur zombies
  3 jellies
  9 hounds
  5 orc priests
  A bullfrog skeleton (D:12)
  10 iguanas
  10 worker ants
  22 orc wizards
  8 hell rats (Lair:3)
  A killer bee zombie (D:7)
  A hound zombie (D:5)
  2 hound skeletons
  A howler monkey zombie (D:10)
  A worker ant zombie (D:6)
  7 gnolls
  12 adders
  10 river rats (Lair:3)
  A shadow imp (D:5)
  3 white imps
  2 ufetubi (D:7)
  4 oozes
  2 worms
  5 dart slugs
  5 leopard geckos
  87 orcs
  3 ball pythons
  2 giant cockroaches (D:3)
  6 hobgoblins
  3 jackals (D:4)
  6 kobolds
  6 quokkas
  8 bats
  4 frilled lizards
  10 goblins
  A jackal skeleton (D:4)
  2 quokka skeletons
  16 rats
936 creatures vanquished.

Vanquished Creatures (others)
  A wizard (D:14)
  2 komodo dragons (D:11)
  A swamp drake (D:11)
  A centaur (D:10)
  40 fungi
  234 plants
279 creatures vanquished.

Grand Total: 1215 creatures vanquished
